 Dungeon Crawl Stone Soup version 0.31.0-10-gcf4a605ca0 (webtiles) character file.

Game seed: 7900146550685622894

581 Drazool the Digger (level 7, -7/36 HPs)
             Began as a Kobold Earth Elementalist on Jan 25, 2024.
             Mangled by Duvessa
             ... wielding a +2 short sword of electrocution
              (18 damage)
             ... on level 4 of the Dungeon.
             The game lasted 00:08:36 (4643 turns).

Drazool the Digger (Kobold Earth Elementalist)      Turns: 4643, Time: 00:08:37

Health: -7/36      AC:  9    Str:  6    XL:     7   Next: 63%
Magic:  8/11       EV: 15    Int: 18    God:
Gold:   255        SH:  0    Dex: 21    Spells: 5/12 levels left

rFire   . . .        (weapon restricted)
rCold   . . .        (no shield)
rNeg    . . .        a - +0 robe
rPois   .            (no helmet)
rElec   .            (no cloak)
rCorr   .            (no gloves)
SInv    .            (no boots)
Will    .....        (no amulet)
Stlth   ++++         L - ring of flight
HPRegen 0.26/turn    D - +6 ring of dexterity
MPRegen 0.12/turn

%: no passive effects
@: flying
A: small, no large weapons, nightstalker 3
a: no special abilities


You were on level 4 of the Dungeon.
You visited 2 branches of the dungeon, and saw 5 of its levels.

You collected 255 gold pieces.


Innate Abilities, Weirdness & Mutations

You are small and have problems with some larger weapons.
You are completely attuned to the shadows.


   Skills:
 - Level 2.4 Dodging
 - Level 2.6 Stealth
 + Level 3.2 Spellcasting
 - Level 5.5 Conjurations
 - Level 5.5 Earth Magic


You had 5 spell levels left.
You knew the following spells:

 Your Spells              Type           Power      Damage    Failure   Level
a - Passwall              Erth           22%        N/A       4%          3
w - Stone Arrow           Conj/Erth      44%        3d9       4%          3
z - Sandblast             Erth           44%        2d11      1%          1

Your spell library contained the following spells:

 Spells                   Type           Power      Damage    Failure   Level
 Hailstorm                Conj/Ice       12%        3d6       16%         3
 Brom's Barrelling Bould  Conj/Erth      22%        2d4       16%         4
 Summon Ice Beast         Ice/Summ       2%         N/A       43%         3
 Petrify                  Alch/Erth      12%        N/A       45%         4
 Sculpt Simulacrum        Ice/Alch       1%         N/A       100%        6

Inventory:

Armour
 a - a +0 robe (worn)
Magical Staves
 e - a staff of death {!a}
Jewellery
 C - a ring of protection from cold
 D - a +6 ring of dexterity (right hand)
 L - a ring of flight (left hand)
Scrolls
 f - a scroll of brand weapon {unknown}
 h - 2 scrolls of enchant armour {unknown}
 i - 2 scrolls of identify {unknown}
 j - a scroll of blinking {unknown}
 k - a scroll of teleportation {unknown}
 m - 2 scrolls of fear {unknown}
 n - a scroll of enchant weapon {unknown}
 p - 2 scrolls of revelation {unknown}
 r - a scroll of vulnerability {unknown}
 s - a scroll of amnesia {unknown}
Potions
 b - a potion of magic
 c - 2 potions of attraction {unknown}
 d - 3 potions of degeneration {unknown}
 g - 4 potions of curing {unknown}
 l - 2 potions of lignification {unknown}
 o - 2 potions of might {unknown}
 q - 3 potions of invisibility {unknown}

Dungeon Overview and Level Annotations

Branches:
Dungeon (4/15)             Temple (1/1) D:4

Altars:
Elyvilon
Kikubaaqudgha
Okawaru
Qazlal
Ru
Uskayaw
Wu Jian
Xom
Zin

Shops:
D:4 :

Annotations:
D:3 2 transporters, stipulation's ghost, amateur VSNe
D:4 Duvessa

#.#.##.......#.
###.#............
##.......#........
####.........#.......
##.##........##.#...##
#...#<..........##..##
#.......>.......##..##
##..#......#.........#
#..##@e....#.....##...
#.#####....#)..#......
#.# ##...).)##.####.
#.# #.......##...##.
#.#####.............>.
#....................#
#..#####'##..##......#
#..#88#...#...#......#
#..#..'.%.#...).......


You could see Duvessa (berserk).


Message History

Your Spellcasting skill increases to level 3!
You start resting.
Magic restored.
HP restored.
Things that are here:
a +0 dagger of draining; a +0 robe; the elf corpse of Dowan Unknown command.
There is an open door here.
You reach down and open the door.
Done exploring.
Unknown command.
Done exploring.
You see here a maw talisman.
There is an open door here.
Duvessa goes berserk!
Unknown command.
Casting: Sandblast (safe; 1% risk of failure)
Confirm with . or Enter, or press ? or * to list all spells.
Aiming: Passwall (dangerous; 4% risk of failure)
Press: ? - help, Dir - move target A rock wall.
Duvessa misses you. Duvessa hits you but does no damage.
You are electrocuted!
Duvessa closely misses you.
Duvessa hits you with a +2 short sword of electrocution!
* * * LOW HITPOINT WARNING * * *
You are electrocuted!!
Ouch! That really hurt!
You die...

Skill      XL: |  1  2  3  4  5  6  7 |
---------------+----------------------+-----
Earth Magic    | 4 5 |  5.5
Conjurations   | 4 5 |  5.5
Spellcasting   | 3 |  3.2
Dodging        | |  2.4
Stealth        | |  2.6

Action                     |  1- 3 |  4- 6 |  7- 9 || total
---------------------------+-------+-------+-------++-------
   Cast: Sandblast         |    45 |    56 |    32 ||   133
         Stone Arrow       |       |       |     4 ||     4
         Passwall          |       |       |     1 ||     1
 Armour: Robe              |     7 |     5 |     5 ||    17
  Dodge: Dodged            |     5 |    18 |     4 ||    27

Levels and vault maps discovered:
D:1:      noname_arrival_rooms_in_the_neighbourhood, layout_basic,
          shapermc_ecumenical_altar_mp_urbaneastern
D:2:      minmay_general_purpose_star, layout_loops_ring, supply_closet_lemuel,
          minmay_liquid_box, corexii_hall_statues_u, uniq_natasha
D:3:      layout_loops_cross, led_xom_imps, gammafunk_ghost_gnarly_gnolls,
          uniq_grinder
D:4:      dreamdust_elfheim, layout_cave_pools, okawaru_ov_weapons_minmay,
          minmay_temple_entry_enclosed_plants, serial_shops, shop,
          nicolae_the_louvre
Temple:   hellmonk_temple_beads

Notes
Turn   | Place    | Note
-------+----------+-------------------------------------------
     0 | D:1      | Drazool the Kobold Earth Elementalist began the quest for
                  | the Orb.
     0 | D:1      | Reached XP level 1. HP: 10/10 MP: 3/3
   402 | D:1      | Reached XP level 2. HP: 15/15 MP: 3/5
   556 | D:1      | Found a faded altar of an unknown god.
  1281 | D:2      | Reached skill level 4 in Earth Magic
  1281 | D:2      | Reached XP level 3. HP: 19/19 MP: 3/6
  1322 | D:2      | Learned a level 3 spell: Passwall
  1650 | D:2      | Noticed Natasha
  1652 | D:2      | Killed Natasha
  1653 | D:2      | Reached XP level 4. HP: 24/24 MP: 4/7
  1778 | D:2      | Noticed Natasha
  1780 | D:2      | Killed Natasha
  1781 | D:2      | Reached skill level 5 in Earth Magic
  1964 | D:2      | Noticed Natasha
  1966 | D:2      | Killed Natasha
  1967 | D:2      | Reached XP level 5. HP: 28/28 MP: 5/8
  1971 | D:2      | Learned a level 3 spell: Stone Arrow
  2679 | D:3      | Noticed Grinder
  2747 | D:3      | Paralysed by Grinder for 5 turns
  2758 | D:3      | Paralysed by Grinder for 5 turns
  2764 | D:3      | Killed Grinder
  2765 | D:3      | Reached skill level 4 in Conjurations
  2765 | D:3      | Reached XP level 6. HP: 13/32 MP: 1/9
  2848 | D:3      | Found a transporter.
  3124 | D:3      | Found a shimmering altar of Xom.
  3128 | D:3      | Reached XP level 7. HP: 36/36 MP: 8/10
  3134 | D:3      | Reached skill level 5 in Conjurations
  3314 | D:3      | Noticed stipulation's ghost (amateur VSNe)
  3343 | D:3      | Found a transporter.
  3608 | D:3      | Identified the +1 halberd "Kelyrchesio" {elec, rN+ Stlth+}
  3927 | D:4      | Found an iron altar of Okawaru.
  3963 | D:4      | Found Ricsicof's Book Emporium.
  4445 | D:4      | Found a staircase to the Ecumenical Temple.
  4490 | Temple   | Entered the Ecumenical Temple
  4575 | D:4      | Noticed Duvessa
  4575 | D:4      | Noticed Dowan
  4585 | D:4      | Killed Dowan
  4586 | D:4      | Reached skill level 3 in Spellcasting
  4643 | D:4      | Mangled by Duvessa

Vanquished Creatures
  Grinder (D:3)
  Dowan (D:4)
  3 crimson imps (D:3)
  An iguana (D:4)
  Natasha (thrice) (D:2)
  4 adders
  3 gnolls (D:4)
  2 dart slugs
  4 ribbon worms (D:2)
  4 orcs
  7 ball pythons
  2 endoplasms
  2 giant cockroaches
  4 hobgoblins
  8 jackals
  4 kobolds
  5 quokkas
  6 bats
  7 frilled lizards
  5 goblins
  6 rats
82 creatures vanquished.

Table legend: (Time is in decaauts)
 A = Elapsed time spent in this place.
 B = Non-inter-level travel time spent in this place.
 C = Inter-level travel time spent in this place.
 D = Time resting spent in this place.
 E = Time spent auto-exploring this place.
 F = Levels seen in this place.
 G = Mean time per level.
                   A        B        C        D        E       F      G
               +--------+--------+--------+--------+--------+-----+--------+
         Total |   4707 |   4592 |    115 |    343 |   3730 |   5 |  941.4 |
       Dungeon |   4701 |   4590 |    111 |    343 |   3730 |   4 | 1175.2 |
        Temple |      5 |      2 |      3 |      0 |      0 |   1 |    5.0 |
               +--------+--------+--------+--------+--------+-----+--------+

Top non-repeatable levels by time:
     D:1: 1291 daAuts
     D:2: 1264 daAuts
     D:3: 1153 daAuts
     D:4: 992 daAuts
  Temple: 5 daAuts

Table legend:
 A = Non-vault XP
 B = Vault XP
 C = Vault XP percentage of total XP
 D = Non-vault monster count
 E = Vault monster count
 F = Vault count percentage of total count
                 A         B        C        D         E       F
            +---------+---------+-------+---------+---------+-------
      Total |     301 |     530 |  63.8 |      71 |      11 |  13.4
            +---------+---------+-------+---------+---------+-------
        D:1 |      28 |       0 |   0.0 |      19 |       0 |   0.0
        D:2 |     111 |      58 |  34.3 |      19 |       6 |  24.0
        D:3 |      49 |     406 |  89.2 |      19 |       4 |  17.4
        D:4 |     113 |      66 |  36.9 |      14 |       1 |   6.7
            +---------+---------+-------+---------+---------+-------
